 Dungeon Crawl Stone Soup version 0.19.1-1-g22dce08 (webtiles) character file.

45 Boing the Conjurer (level 3, -1/28 HPs)
             Began as a Deep Elf Conjurer on Jan 18, 2017.
             Slain by Robin
             ... wielding a +0 spear
              (2 damage)
             ... on level 2 of the Dungeon.
             The game lasted 00:06:41 (1257 turns).

Boing the Conjurer (Deep Elf Conjurer)              Turns: 1257, Time: 00:06:42

Health: -1/28      AC: 21    Str:  5    XL:     3   Next: 42%
Magic:  0/9        EV:  2    Int: 25    God:
Gold:   66         SH:  0    Dex: 15    Spells: 3 memorised, 2 levels left

rFire  . . .     SeeInvis .     f - +0 mace
rCold  . . .     Gourm    .     (armour currently unavailable)
rNeg   + + +     Faith    .     (no shield)
rPois  +         Spirit   .     (helmet currently unavailable)
rElec  .         Reflect  .     (cloak currently unavailable)
rCorr  .         Harm     .     (gloves currently unavailable)
MR     .....     NoTele   +     (boots currently unavailable)
Stlth  ++........               (no amulet)
                                (no ring)
                                (no ring)

@: brilliant, tree-form, very slightly contaminated
A: no striking features
a: no special abilities


You were on level 2 of the Dungeon.
You were not hungry.
You were a tree.
You visited 1 branch of the dungeon, and saw 2 of its levels.

You collected 66 gold pieces.

Inventory:

Hand Weapons
 f - a +0 mace (weapon)
Armour
 a - a +0 robe
 g - a +1 robe of fire resistance (melded)
 n - a +0 cloak (melded)
Scrolls
 d - a scroll of identify
Potions
 e - a potion of mutation
 j - a potion of brilliance
Books
 b - a book of Conjurations

   Spells                             Type                      Level
   a - Magic Dart                     Conjuration                  1
   b - Searing Ray                    Conjuration                  2
   c - Dazzling Spray                 Conjuration/Hexes            3
   d - Fulminant Prism                Conjuration/Hexes            4
   e - Iskenderun's Mystic Blast      Conjuration                  4
   f - Iskenderun's Battlesphere      Conjuration/Charms           5
Comestibles
 c - 2 bread rations
 h - a fruit


   Skills:
 + Level 2.8 Dodging
 + Level 2.7 Stealth
 + Level 3.4 Spellcasting
 + Level 5.2 Conjurations
 + Level 0.3 Hexes


You had 2 spell levels left.
You knew the following spells:

 Your Spells              Type           Power        Failure   Level  Hunger
a - Magic Dart            Conj           ####         1%          1    None
b - Searing Ray           Conj           #####.       1%          2    #......
c - Dazzling Spray        Conj/Hex       ####..       1%          3    ###....


Dungeon Overview and Level Annotations

Branches:
Dungeon (2/15)

Altars:

Annotations:
D:2 Robin


Message History

You feel clever all of a sudden.
The hobgoblin hits you but does no damage.
The dart slug bites you but does no damage.
Robin completely misses you.
Casting: Dazzling Spray
Confirm with . or Enter, or press ? or * to list all spells.
Aiming: Dazzling Spray
Press: ? - help, Shift-Dir - straight line, f - dart slug
Aim: a dart slug (clinging)
The spray of energy hits the dart slug.
You kill the dart slug!
The spray of energy hits the hobgoblin.
The hobgoblin is severely wounded.
The hobgoblin is dazzled.
The bat hits you but does no damage. The bat hits you.
* * * LOW HITPOINT WARNING * * *
The hobgoblin hits you with a club.
* * * LOW HITPOINT WARNING * * *
Robin hits you from afar with a spear.
You die...

...#.##..............#....
...#.......................
...#....#..........##......
..##..#.#.........(.#......
..#.....#...........#......
.##.....#......g....#......
##.............#gg..+ .....
#..............#bg..# ....
...............#♣##.#.
..#####..###...#)#....
........................
......##.##........#....
......##.##........#....
#..................#
#..................#
#................###
#...........##.#.####


You could see Robin, a hobgoblin (blind), 2 goblins and a bat.

Vanquished Creatures
  An ooze (D:1)
  2 dart slugs
  3 ball pythons
  10 goblins
  3 hobgoblins (D:2)
  5 kobolds
  3 bats
  7 frilled lizards
  3 rats
37 creatures vanquished.

Notes
Turn   | Place    | Note
-------+----------+-------------------------------------------
     0 | D:1      | Boing the Deep Elf Conjurer began the quest for the Orb.
     0 | D:1      | Reached XP level 1. HP: 10/10 MP: 6/6
   463 | D:1      | Reached XP level 2. HP: 15/15 MP: 5/8
   470 | D:1      | Learned a level 2 spell: Searing Ray
   565 | D:1      | Reached skill level 5 in Conjurations
   928 | D:2      | Noticed Robin
  1090 | D:2      | Reached XP level 3. HP: 19/19 MP: 5/9
  1159 | D:2      | Learned a level 3 spell: Dazzling Spray
  1257 | D:2      | HP: 1/28 [hobgoblin/club[Robin] (2)]
  1257 | D:2      | Slain by Robin

Skill      XL: |  1  2 |
---------------+-------+-----
Conjurations   | 5 |  5.2
Dodging        | |  2.8
Stealth        | |  2.7
Spellcasting   | |  3.4
Hexes          | |  0.3

Action                   || total
-------------------------++-------
Melee: Mace              ||    15
 Cast: Magic Dart        ||    40
       Searing Ray       ||     2
       Dazzling Spray    ||     2
  Use: Scroll            ||     4
       Potion            ||     2
  Eat: Chunk             ||     1
Armor: Robe              ||     9
       Skin              ||    39
Dodge: Dodged            ||    33
